[Event "Budapest One Week IM-A 03-2025"]
[Site "Budapest"]
[Date "2025.03.21"]
[Round "8.5"]
[White "Nakahara, Kan"]
[Black "Krizsany, Laszlo"]
[Result "1/2-1/2"]
[Annotator "TA"]
[ECO "B03"]
[WhiteElo "2113"]
[BlackElo "2287"]
[PlyCount "99"]
[EventDate "2025.03.17"]
[EventType "tourn"]
[EventCountry "HUN"]
[SourceTitle "playchess.com"]
[Source "ChessBase"]
[SourceQuality "1"]
[TimeControl "5400+30"]

1. e4 Nf6 2. e5 Nd5 3. d4 d6 4. c4 Nb6 5. exd6 cxd6 6. Nf3 g6 7. Be2 Bg7 8. O-O O-O 9. Nc3 Nc6 10. Be3 Bg4 11. b3 d5 12. c5 Nc8 13. Rc1 e6 14. h3 Bxf3 15. Bxf3 N8e7 {[%emt 0:00:12] B04: Alekhine's Defence: 4 Nf3.} 16. Qd2 Nf5 17. Ne2 h6 {[%emt 0:04:11] Black is slightly better.} 18. g3 Qf6 19. Bg4 $146 (19. Rcd1 Nfxd4 20. Nxd4 Nxd4 21. Bxd5 Rad8 22. Bxd4 Qxd4 23. Qa5 Qe5 24. Bxb7 Qb8 25. c6 {0-1 Dean,R (1771)-Connor,M (1576) Harrogate 4NCL op 24th 2020 (3)}) 19... Nxe3 (19... Nfxd4 20. Nxd4 Nxd4 21. Bxh6 Bxh6 22. Qxh6 Rad8) 20. fxe3 Qg5 21. Bf3 Rad8 22. b4 a6 23. h4 Qe7 24. a4 Qc7 25. Bg4 h5 26. Bh3 Bh6 27. b5 axb5 (27... Qa5 $5 28. Nc3 Ne5 29. dxe5 d4 $15) 28. axb5 Qa5 29. Nc3 Ne7 30. Ra1 Qc7 31. Ne2 {[%emt 0:02:40] Space Advantage White} e5 {[%emt 0:00:35] ...exd4 is the strong threat.} 32. Qd3 Rfe8 33. Ra3 (33. Kh2 $14) 33... Nc8 34. Qd1 (34. b6 $142 Qc6 35. Kh2) 34... b6 35. Rc3 Na7 36. Rf6 $2 (36. Kh2 $11) 36... exd4 37. exd4 {[%emt 0:03:15] [#]} Nxb5 (37... Qe7 $1 $19 38. Rxb6 Qxe2 39. Qxe2 Rxe2) 38. Rcf3 $15 Qe7 (38... Rxe2 {with more complications.} 39. Rxf7 Qc6 40. Qxe2 Nxd4 41. Qf2 Nxf3+ 42. Qxf3 Bg7) 39. Rxb6 Qe4 (39... Qxe2 {simplifies} 40. Qxe2 Rxe2 41. Rxb5 Rc2) 40. Bg2 Qxe2 41. Qxe2 Rxe2 42. Rxb5 Rd2 43. Rc3 {[%emt 0:00:57] [#]} Bg7 (43... Rxd4 $2 44. c6 Rc8 (44... Rd1+ $2 45. Kh2 $18) 45. c7 $18 (45. Rxd5 Bg7 $11)) 44. c6 $1 Bxd4+ 45. Kh2 Rc8 (45... Bxc3 46. c7 Re8 (46... Rc8 47. Rb8 $18) 47. Rb8 $16 (47. Rxd5 $2 Rxd5 48. Bxd5 Ba5 $19)) (45... Re8 $5 46. c7 Kg7 $11 (46... Bxc3 47. Rb8 $16)) 46. c7 Re2 $1 (46... Bxc3 $2 47. Rb8 Be5 (47... Rxg2+ $2 48. Kxg2 Kg7 49. Rxc8 $18) 48. Rxc8+ Kg7 49. Rg8+ Kxg8 50. c8=Q+ (50. c8=B $2 {is the wrong capture.} Rd3 $19) 50... Kg7 51. Qe8 $18) 47. Rb8 Ree8 48. Rcb3 {[%emt 0:00:28] Black must now prevent Rxc8.} Kg7 49. Bxd5 $2 (49. R3b7 $11 {and White has nothing to worry.}) 49... Be5 $2 (49... Re2+ $19 50. Kh3 Rxc7) 50. R3b7 {[%emt 0:00:38] Weighted Error Value: White=0.29 (precise) /Black=0.24 (precise)   Loses game:     	White=2     	---        Missed win:     	---       	Black=1      Mistake:       	White=2     	Black=1      Inaccurate:     	White=4     	Black=5      OK:         	White=14    	Black=11     Best:        	White=1     	---        Strong:       	White=1     	Black=1} 1/2-1/2

[Event "Budapest One Week IM-A 03-2025"]
[Site "Budapest"]
[Date "2025.03.22"]
[Round "9.1"]
[White "Krizsany, Laszlo"]
[Black "Turzo, Attila"]
[Result "1/2-1/2"]
[Annotator "TA"]
[ECO "C01"]
[WhiteElo "2287"]
[BlackElo "2272"]
[PlyCount "40"]
[EventDate "2025.03.17"]
[EventType "tourn"]
[EventCountry "HUN"]
[SourceTitle "playchess.com"]
[Source "ChessBase"]
[SourceQuality "1"]
[TimeControl "5400+30"]

1. e4 e6 2. d4 d5 3. exd5 exd5 4. Bd3 Nf6 5. Nf3 Bd6 6. O-O O-O {C01: French: Exchange Variation.} 7. c3 Nbd7 8. Re1 {Not much happened in this game.   Weighted Error Value: White=0.03 (flawless) /Black=0.10 (very precise)   OK:         	White=1     	---} {Predecessor:} c6 $146 9. Nbd2 Re8 10. Rxe8+ Qxe8 11. Nf1 Nf8 12. Bc2 Be6 13. Ng3 Qd7 14. Bg5 Ne8 15. Be3 Nf6 16. Bg5 Ne8 17. Be3 Nf6 18. Bg5 Ne8 19. Be3 Nf6 20. Bg5 Ne8 {½-½ Abdulla,K (2168)-Isgenderova,H (2194) Marmaris Cleopatra (Women) 2018 (4.5)} 1/2-1/2

[Event "Budapest One Week IM-A 03-2025"]
[Site "Budapest"]
[Date "2025.03.22"]
[Round "9.2"]
[White "Chakrabarty, Reyaansh"]
[Black "Nakahara, Kan"]
[Result "1/2-1/2"]
[Annotator "TA"]
[ECO "C50"]
[WhiteElo "2181"]
[BlackElo "2113"]
[PlyCount "34"]
[EventDate "2025.03.17"]
[EventType "tourn"]
[EventCountry "HUN"]
[SourceTitle "playchess.com"]
[Source "ChessBase"]
[SourceQuality "1"]
[TimeControl "5400+30"]

1. e4 e5 2. Nf3 Nc6 3. Bc4 Nf6 4. d3 Bc5 5. O-O d6 6. c3 a6 7. a4 h6 8. Nbd2 {[%emt 0:00:34] C54: Giuoco Piano: 4 c3 Nf6, main lines with 5 d4 and 5 d3.} O-O 9. h3 Bb6 10. Re1 {[%emt 0:01:20] White is slightly better.} Re8 11. Ba2 Be6 12. Bxe6 Rxe6 13. Nc4 Ba7 14. Qc2 d5 15. Ne3 Bxe3 $146 (15... dxe4 16. dxe4 Ne7 17. b3 Ng6 18. Nf5 Kh7 19. Rd1 Qe8 20. g3 Ne7 21. N3h4 Nxf5 22. Nxf5 Rd8 {1-0 Kubicka,A (2273)-Vidruska,R (2029) Titled Tuesday intern op 23rd Nov blitz 2021 (3)}) 16. Bxe3 d4 ({Black should play} 16... a5 $11) 17. cxd4 $14 exd4 {Weighted Error Value: White=0.08 (flawless) /Black=0.14 (very precise)   Mistake:       	---       	Black=1      OK:         	White=3     	Black=3} 1/2-1/2

[Event "Budapest One Week IM-A 03-2025"]
[Site "Budapest"]
[Date "2025.03.22"]
[Round "9.3"]
[White "Singh, Siddharth"]
[Black "Tscheuschner, Georg"]
[Result "1-0"]
[Annotator "TA"]
[ECO "B13"]
[WhiteElo "2239"]
[BlackElo "2236"]
[PlyCount "79"]
[EventDate "2025.03.17"]
[EventType "tourn"]
[EventCountry "HUN"]
[SourceTitle "playchess.com"]
[Source "ChessBase"]
[SourceQuality "1"]
[TimeControl "5400+30"]

1. e4 c6 2. d4 d5 3. exd5 cxd5 4. Nf3 Nc6 5. Bb5 e6 6. O-O {[%emt 0:00:46] B13: Caro-Kann: Exchange Variation and Panov-Botvinnik Attack.} Nf6 7. Ne5 Bd7 8. Nxd7 {[%emt 0:00:08] The position is equal.} Qxd7 9. c3 Bd6 10. Nd2 O-O 11. Re1 Qc7 {[%emt 0:02:05] The main line 11...Qc7 scores better than 11...a6.} 12. Nf1 a6 13. Bd3 Bf4 14. Bxf4 $146 ({Predecessor:} 14. Ng3 Bxc1 15. Rxc1 g6 16. Qf3 Kg7 17. Ne2 Qb6 18. Rb1 Rae8 19. Nf4 e5 20. dxe5 Rxe5 21. Rxe5 Nxe5 {0-1 Gorshtein,I (2382)-Vogel,R (2462) EU-chT U18 Bad Blankenburg 2018 (2.1)}) 14... Qxf4 15. g3 Qc7 16. f4 Na5 17. Nd2 g6 18. a4 Ne8 19. Qe2 Nd6 20. b4 Nac4 21. Nxc4 dxc4 22. Bc2 a5 23. b5 Rfd8 24. Qf3 Rd7 25. Re5 Qd8 26. Rae1 Rc8 27. h4 {[%emt 0:03:44] White is much more active.} b6 28. h5 Qf8 29. hxg6 {[%emt 0:01:43][%csl Oe5] Strong Square White (e5)} hxg6 30. Rg5 {[%emt 0:00:18][%cal Oc2g6] Strongly threatening Bxg6!.} Nf5 31. Qg4 Qa3 $2 {[%emt 0:01:19][%mdl 8192] Loses the game.} (31... Re7 $16 32. Re5 Rce8) 32. Bxf5 $18 exf5 {[%emt 0:02:14] [#]} 33. Rxg6+ fxg6 34. Qxg6+ Rg7 35. Qe6+ (35. Qxf5 Qf8 (35... Rxg3+ $2 {is the wrong capture.} 36. Kf2 $18) 36. Qe6+ Kh8 $17) 35... Kh8 (35... Rf7 $142) 36. Qxc8+ Rg8 37. Qxf5 Rxg3+ 38. Kh2 {[%emt 0:01:12] Intending Re8+ and mate.} Rg6 39. Qxg6 Qb2+ 40. Qg2 {[%emt 0:00:12] Weighted Error Value: White=0.06 (flawless) /Black=0.81  Loses game:     	---       	Black=1      Mistake:       	---       	Black=1      Inaccurate:     	---       	Black=4      OK:         	White=14    	Black=4      Best:        	White=1     	Black=1      Brilliant:      	White=1     	---} 1-0

[Event "Budapest One Week IM-A 03-2025"]
[Site "Budapest"]
[Date "2025.03.22"]
[Round "9.4"]
[White "Ratsma, Midas"]
[Black "Rydstrom, Tom"]
[Result "1/2-1/2"]
[Annotator "TA"]
[ECO "C41"]
[WhiteElo "2268"]
[BlackElo "2301"]
[PlyCount "25"]
[EventDate "2025.03.17"]
[EventType "tourn"]
[EventCountry "HUN"]
[SourceTitle "playchess.com"]
[Source "ChessBase"]
[SourceQuality "1"]
[TimeControl "5400+30"]

1. e4 e5 2. Nf3 d6 3. d4 exd4 4. Nxd4 Nf6 5. Nc3 Be7 6. Bf4 O-O 7. Qd2 a6 8. O-O-O b5 {[%emt 0:05:02] C41: Philidor Defence.} 9. a3 Bd7 (9... c5 $14 10. Nb3 c4) 10. f3 {[%emt 0:03:33] White is more active.} Nc6 $146 (10... Qc8 11. g4 Rd8 12. Nf5 Bf8 13. Rg1 Nc6 14. h4 Ne5 15. Bxe5 dxe5 16. Qh2 Bxf5 17. exf5 Rxd1+ 18. Nxd1 {1-0 Frank,E (2129)-Frank,R (1528) Neumarkt am Wallersee op 12th 2013 (3)}) 11. Nf5 Bxf5 12. exf5 Rb8 (12... Qb8 $1 $11) 13. g4 {[%emt 0:22:48] Weighted Error Value: White=0.24 (precise) /Black=0.35  Mistake:       	---       	Black=2      Inaccurate:     	White=2     	---        Best:        	White=1     	Black=1} 1/2-1/2

[Event "Budapest One Week IM-A 03-2025"]
[Site "Budapest"]
[Date "2025.03.22"]
[Round "9.5"]
[White "Foldes, Marton Gabor"]
[Black "Horvath, David"]
[Result "1/2-1/2"]
[Annotator "TA"]
[ECO "B12"]
[WhiteElo "2332"]
[BlackElo "2279"]
[PlyCount "28"]
[EventDate "2025.03.17"]
[EventType "tourn"]
[EventCountry "HUN"]
[SourceTitle "playchess.com"]
[Source "ChessBase"]
[SourceQuality "1"]
[TimeControl "5400+30"]

1. e4 c6 2. d4 d5 3. e5 Bf5 4. Nf3 e6 5. Be2 c5 6. c3 Nc6 7. O-O cxd4 8. cxd4 Nge7 9. Nc3 Nc8 {The position is equal.} 10. Be3 {B12: Caro-Kann: Advance Variation.} Be7 11. Rc1 {11.Rc1 was played by the boomers.} Nb6 12. Nd2 O-O 13. f4 Bg6 14. a3 $146 (14. g4 f5 15. exf6 Bxf6 16. Nf3 Rc8 17. Ne5 Bxe5 18. fxe5 Nc4 19. Bxc4 dxc4 20. Qd2 Rxf1+ 21. Rxf1 {0-1 Rudzinska,M (2241)-Voit,D (2343) Wch Rapid (Women) 2023 (10)}) 14... f6 {A rather calm draw.   Weighted Error Value: White=0.06 (flawless) /Black=0.04 (flawless)   Inaccurate:     	---       	Black=1      OK:         	White=1     	Black=3} 1/2-1/2